 Dungeon Crawl Stone Soup version 0.19.1 (webtiles) character file.

83 heranbago the Caller (level 4, -3/30 HPs)
             Began as a Merfolk Summoner on Dec 4, 2016.
             Slain by makewrite's ghost (10 damage)
             ... on level 4 of the Dungeon on Dec 7, 2016.
             The game lasted 00:32:04 (3954 turns).

heranbago the Caller (Merfolk Summoner)             Turns: 3954, Time: 00:32:04

Health: -3/30      AC:  4    Str:  8    XL:     4   Next: 44%
Magic:  5/8        EV: 13    Int: 14    God:
Gold:   145        SH:  0    Dex: 15    Spells: 1 memorised, 8 levels left

rFire  . . .     SeeInvis .     k - +0 dagger
rCold  . . .     Gourm    .     i - +0 robe
rNeg   . . .     Faith    .     (no shield)
rPois  .         Spirit   .     s - +0 helmet (curse)
rElec  .         Reflect  .     (no cloak)
rCorr  +         Harm     .     (no gloves)
MR     .....                    p - +0 pair of boots
Stlth  ++........               (no amulet)
                                n - ring of resist corrosion
                                h - ring of flight

@: no status effects
A: change form in water, swift swim, stealthy swim
a: Evoke Flight


You were on level 4 of the Dungeon.
You were not hungry.

You visited 1 branch of the dungeon, and saw 4 of its levels.

You collected 145 gold pieces.

Inventory:

Hand Weapons
 k - a +0 dagger (weapon)
Missiles
 g - 91 stones (quivered)
Armour
 i - a +0 robe (worn)
 p - a +0 pair of boots (worn)
 s - a cursed +0 helmet (worn)
Jewellery
 h - a ring of flight (left hand)
 n - a ring of resist corrosion (right hand)
Scrolls
 a - a scroll of amnesia {unknown}
 e - a scroll of recharging {unknown}
 f - 6 scrolls of identify {unknown}
 j - 3 scrolls of teleportation {unknown}
 q - a scroll of enchant weapon {unknown}
Potions
 d - a potion of invisibility {unknown}
 m - 2 potions of curing {unknown}
 o - a potion of cure mutation {unknown}
 r - a potion of mutation {unknown}
Books
 b - a book of Callings

   Spells                             Type                      Level
   a - Summon Small Mammal            Summoning                    1
   b - Call Imp                       Summoning                    2
   c - Call Canine Familiar           Summoning                    3
   d - Summon Guardian Golem          Hexes/Summoning              3
   e - Summon Lightning Spire         Summoning/Air                4
   f - Summon Ice Beast               Ice/Summoning                4
Comestibles
 c - 4 bread rations
 l - a beef jerky


   Skills:
 + Level 0.2 Short Blades
 + Level 2.9 Dodging
 + Level 2.2 Stealth
 + Level 3.3 Spellcasting
 + Level 4.8 Summonings


You had 8 spell levels left.
You knew the following spells:

 Your Spells              Type           Power        Failure   Level  Hunger
a - Summon Small Mammal   Summ           ###.         2%          1    #......


Dungeon Overview and Level Annotations

Branches:
Dungeon (4/15)
 Temple: D:4-7

Altars:
Ashenzari
Dithmenos
Fedhas
Hepliaklqana
Sif Muna
Vehumet

Annotations:
D:3 Grinder; Natasha
D:4 makewrite's ghost, novice GrGl


Message History

Your bat hits Natasha but does no damage.
Natasha claws your bat.
Your bat dies!
Your bat's corpse disappears in a puff of smoke!
Natasha hisses angrily.
You climb downwards.
You hear the sound of rushing water.
There is an entrance to a sewer on this level.
Hurry and find it before the portal rusts away!
You hear the drain falling apart.
The walls and floor vibrate strangely for a moment.
Level annotation: makewrite's ghost, novice GrGl Makewrite's ghost hits you!
* * * LOW HITPOINT WARNING * * *
There is a stone staircase leading up, spattered with blood here.
Found a leather armour.
Found a shadowy altar of Dithmenos.
A phantom comes into view.
The phantom blinks!
There is a stone staircase leading down here.
Makewrite's ghost hits you!
You die...

.#§§§#
###§#§#.#
.§§._.§.+##
#§#§#.#..##
#§§§#.[..##
#§#......##
#.........#
+.)<..W@..+
#.........#
##.......##
##.....##
##...##
##'## #.#
#.#


You could see makewrite's ghost.

Vanquished Creatures
  An ooze (D:1)
  A worm (D:2)
  A dart slug (D:3)
  A leopard gecko (D:3)
  A bat (D:2)
  A frilled lizard (D:3)
  A kobold (D:3)
  2 rats
9 creatures vanquished.

Vanquished Creatures (collateral kills)
  Natasha (D:3)
  4 adders
  2 worms
  A dart slug (D:1)
  A leopard gecko (D:3)
  2 giant cockroaches
  5 goblins
  10 hobgoblins
  A ball python (D:1)
  8 bats
  3 frilled lizards
  7 kobolds
  7 rats
52 creatures vanquished.

Grand Total: 61 creatures vanquished

Notes
Turn   | Place    | Note
-------+----------+-------------------------------------------
     0 | D:1      | heranbago the Merfolk Summoner began the quest for the Orb.
     0 | D:1      | Reached XP level 1. HP: 13/13 MP: 3/3
   569 | D:1      | Reached XP level 2. HP: 17/19 MP: 0/5
  1736 | D:2      | Reached XP level 3. HP: 24/24 MP: 1/6
  2557 | D:2      | Found a shattered altar of Ashenzari.
  2677 | D:2      | Found a blossoming altar of Fedhas.
  2679 | D:2      | Found a deep blue altar of Sif Muna.
  2820 | D:2      | Found a radiant altar of Vehumet.
  2820 | D:2      | Found a hazy altar of Hepliaklqana.
  3219 | D:4      | Noticed makewrite's ghost (novice GrGl)
  3295 | D:3      | Reached XP level 4. HP: 29/30 MP: 1/8
  3401 | D:3      | Noticed Natasha
  3420 | D:3      | Killed Natasha
  3738 | D:3      | Noticed Grinder
  3914 | D:3      | Noticed Natasha
  3950 | D:4      | Found a shadowy altar of Dithmenos.
  3951 | D:4      | Noticed a phantom
  3954 | D:4      | Slain by makewrite's ghost

Skill      XL: |  1  2  3 |
---------------+----------+-----
Spellcasting   | 3 |  3.3
Short Blades   | |  0.2
Dodging        | |  2.9
Stealth        | |  2.2
Summonings     | |  4.8

Action                   |  1- 3 |  4- 6 || total
-------------------------+-------+-------++-------
Melee: Unarmed           |    21 |       ||    21
       Dagger            |    22 |     9 ||    31
Throw: Stone             |     3 |       ||     3
 Cast: Summon Small Mamm |   147 |    44 ||   191
 Stab: Distracted        |     1 |       ||     1
  Eat: Chunk             |     7 |       ||     7
       Meat ration       |     1 |       ||     1
Armor: Robe              |    14 |     3 ||    17
Dodge: Dodged            |    55 |    15 ||    70
